 Dungeon Crawl Stone Soup version 0.21-a0-128-gf2b353c (webtiles) character file.

338 tehllama the Digger (level 6, -2/32 HPs)
             Began as a Gargoyle Earth Elementalist on July 16, 2017.
             Slain by Duvessa
             ... wielding a +0 rapier
              (10 damage)
             ... on level 4 of the Dungeon.
             The game lasted 00:13:41 (4231 turns).

tehllama the Digger (Gargoyle Earth Elementalist)   Turns: 4231, Time: 00:13:41

Health: -2/32      AC:  6    Str: 12    XL:     6   Next: 55%
Magic:  0/11       EV: 12    Int: 17    God:
Gold:   181        SH:  0    Dex: 10    Spells: 8/12 levels left

rFire    . . .     SeeInvis .   i - +0 morningstar
rCold    + . .     Gourm    .   (no shield)
rNeg     + . .     Faith    .   c - +0 robe
rPois    ∞         Spirit   .   (no helmet)
rElec    +         Reflect  .   (no cloak)
rCorr    .         Harm     .   (no gloves)
MR       .....                  (no boots)
Stlth    ++........             (no amulet)
HPRegen  0.10/turn              u - ring of protection from cold
MPRegen  0.12/turn              (no ring)

@: no status effects
A: negative energy resistance 1, electricity resistance, unbreathing,
petrification resistance, rot immunity, AC +4
a: no special abilities


You were on level 4 of the Dungeon.
You were not hungry.

You visited 1 branch of the dungeon, and saw 4 of its levels.

You collected 181 gold pieces.

Inventory:

Hand Weapons
 i - a +0 morningstar (weapon)
Missiles
 b - 92 stones (quivered)
Armour
 c - a +0 robe (worn)
Jewellery
 u - a ring of protection from cold (left hand)
Wands
 q - a wand of confusion (19/48)
 t - a wand of disintegration (24/24)
Scrolls
 f - a scroll of identify
 j - a scroll of enchant armour {unknown}
 k - a scroll of teleportation
 l - a scroll of recharging
 n - a scroll of remove curse
Potions
 a - 2 potions of heal wounds {unknown}
 m - 4 potions of agility {unknown}
 p - a potion of curing {unknown}
Books
 e - a book of Geomancy

   Spells                             Type                      Level
   a - Sandblast                      Earth                        1
   b - Passwall                       Transmutation/Earth          2
   c - Stone Arrow                    Conjuration/Earth            3
   d - Petrify                        Transmutation/Earth          4
   e - Lee's Rapid Deconstruction     Earth                        5
Comestibles
 d - 2 bread rations
 g - 5 fruits
 h - 3 meat rations
 v - a chunk of flesh


   Skills:
 - Level 1.5 Dodging
 - Level 2.1 Stealth
 + Level 3.8 Spellcasting
 + Level 3.4 Conjurations
   Level 0.7 Transmutations
 + Level 6.0 Earth Magic


You had 8 spell levels left.
You knew the following spells:

 Your Spells              Type           Power        Failure   Level  Hunger
a - Sandblast             Erth           ###...       1%          1    None
b - Stone Arrow           Conj/Erth      ###...       7%          3    ###....


Dungeon Overview and Level Annotations

Branches:
Dungeon (4/15)
 Temple: D:4-7

Altars:
Gozag
Xom
The Shining One

Annotations:
D:4 Dowan, Duvessa


Innate Abilities, Weirdness & Mutations

You are resistant to torment.
Your stone body is resilient. (AC +4)
You are immune to poison.
You resist negative energy. (rN+)
You are resistant to electric shocks. (rElec)
You can survive without breathing.
You are immune to petrification.
You are immune to rotting.


Message History

Aim: Duvessa, wielding a rapier and wearing a ring mail (severely wounded, fast)
The blast of sand hits Duvessa.
Duvessa is almost dead.
b - 93 stones Duvessa closely misses you.
Duvessa hits you with a rapier.
* * * LOW HITPOINT WARNING * * *
Casting: Sandblast
Confirm with . or Enter, or press ? or * to list all spells.
Aiming: Sandblast
Press: ? - help, Shift-Dir - straight line, f/p - Duvessa
Aim: Duvessa, wielding a rapier and wearing a ring mail (almost dead, fast)
The blast of sand hits Duvessa.
Duvessa is almost dead.
b - 92 stones Duvessa closely misses you.
Casting: Sandblast
Confirm with . or Enter, or press ? or * to list all spells.
You don't have enough magic to cast that spell.
Duvessa hits you with a rapier!
You die...

..#######
#.......####
##.........##
#...........#
##...........#
#...........# .#
#......e(...# .##
.......@...# ..#
...e......## ##..#
..........##### #..#
..............###..#
..........#.......#
.........#######..##
#........# ##..#
######..## ##.##
#... #..#


You could see Duvessa and Dowan.

Vanquished Creatures
  A howler monkey (D:4)
  3 orc wizards (D:3)
  2 orc priests (D:3)
  A hound (D:3)
  3 adders
  5 worms
  5 leopard geckos
  3 orcs (D:3)
  A ball python (D:1)
  2 giant cockroaches
  7 goblins
  9 hobgoblins
  4 jackals
  21 bats
  A frilled lizard (D:3)
  7 kobolds
  8 rats
83 creatures vanquished.

Vanquished Creatures (others)
  A plant (D:1)
1 creature vanquished.

Grand Total: 84 creatures vanquished

Notes
Turn   | Place    | Note
-------+----------+-------------------------------------------
     0 | D:1      | tehllama the Gargoyle Earth Elementalist began the quest for the Orb.
     0 | D:1      | Reached XP level 1. HP: 10/10 MP: 3/3
   350 | D:1      | Reached skill level 4 in Earth Magic
   350 | D:1      | Reached XP level 2. HP: 11/15 MP: 3/5
   939 | D:1      | Reached XP level 3. HP: 19/19 MP: 4/6
   966 | D:1      | Learned a level 3 spell: Stone Arrow
  1620 | D:2      | Reached skill level 1 in Conjurations
  1719 | D:2      | Reached XP level 4. HP: 14/24 MP: 4/8
  2082 | D:2      | Found an opulent altar of Gozag.
  2082 | D:2      | Found a glowing golden altar of the Shining One.
  2138 | D:2      | Found a shimmering altar of Xom.
  2141 | D:2      | Found a shimmering altar of Xom.
  2141 | D:2      | Found a shimmering altar of Xom.
  2486 | D:2      | Found a shimmering altar of Xom.
  2487 | D:2      | Found a shimmering altar of Xom.
  2609 | D:3      | Reached skill level 5 in Earth Magic
  2787 | D:3      | Reached XP level 5. HP: 28/28 MP: 6/9
  3335 | D:3      | Reached XP level 6. HP: 16/32 MP: 4/11
  4079 | D:4      | Reached skill level 6 in Earth Magic
  4216 | D:4      | Noticed Duvessa
  4217 | D:4      | Noticed Dowan
  4231 | D:4      | Slain by Duvessa

Vault maps used:
D:1:      dpeg_arrival_connections, serial_forest, infiniplex_forest_split,
          infiniplex_forest_end_3, infiniplex_forest_lined_ring,
          infiniplex_forest_end_3, infiniplex_forest_lined_2,
          infiniplex_forest_diagonal, infiniplex_forest_lined_3,
          grunt_decor_fettered
D:2:      xom_redecorated, gammafunk_temple_overflow_elements
D:3:      minmay_tree_intersection
D:4:      kennysheep_generic_room_3, uniq_duvessa

Skill      XL: |  1  2  3  4  5  6 |
---------------+-------------------+-----
Earth Magic    | 4 5 6 |  6.0
Conjurations   | 1 2 3 |  3.4
Spellcasting   | 3 |  3.8
Dodging        | |  1.5
Stealth        | |  2.1
Transmutations | |  0.7

Action                   |  1- 3 |  4- 6 || total
-------------------------+-------+-------++-------
Melee: Unarmed           |    17 |       ||    17
       Club              |   102 |    60 ||   162
       Flail             |       |    22 ||    22
       Morningstar       |       |     1 ||     1
 Cast: Sandblast         |    39 |    72 ||   111
  Use: Scroll            |       |     8 ||     8
  Eat: Chunk             |     3 |     8 ||    11
Armor: Robe              |    53 |    57 ||   110
Dodge: Dodged            |   101 |   109 ||   210
